 Dungeon Crawl Stone Soup version 0.17.0-17-ge4ba49f (console) character file.

238462 Kloppie the Tortoise (level 19, -11/128 HPs)
             Began as a Gargoyle Fighter on Nov 11, 2015.
             Was the Champion of the Shining One.
             Mangled by a titanic slime creature (74 damage)
             ... on level 1 of the Vaults.
             The game lasted 02:05:34 (42914 turns).

Kloppie the Tortoise (Gargoyle Fighter)            Turns: 42914, Time: 02:05:34

Health: -11/128    AC: 53    Str: 26    XL:     19   Next: 26%
Magic:  23/23      EV: 13    Int:  9    God:    the Shining One [******]
Gold:   3191       SH:  0    Dex: 13    Spells: 0 memorised, 18 levels left

rFire  + + .     SeeInvis .     a - +6 Sword of Power
rCold  + . .     Clarity  .     w - +10 plate armour {ponderous}
rNeg   + + +     SustAt   .     (shield currently unavailable)
rPois  ∞         Gourm    .     T - +2 hat
rElec  +         Spirit   .     E - +2 cloak
rCorr  .         Warding  .     L - +0 pair of gloves of Lubyug {rF+ Str+2}
rMut   .         Stasis   .     x - +2 pair of boots
MR     +....                    c - amulet of regeneration
Stlth  ..........               o - ring of protection from cold
                                N - ring of protection from fire

@: glowing, slow, somewhat resistant to hostile enchantments, extremely
unstealthy
A: big wings, negative energy resistance 1, electricity resistance, unbreathing,
petrification resistance, rot immunity, AC +13
a: Fly, Divine Shield, Cleansing Flame, Summon Divine Warrior, Brand Weapon With
Holy Wrath, Renounce Religion
}: 2/15 runes: decaying, gossamer


You were on level 1 of the Vaults.
You worshipped the Shining One.
The Shining One was exalted by your worship.
You were not hungry.

You visited 6 branches of the dungeon, and saw 37 of its levels.
You also visited: Trove and Bailey.

You collected 4185 gold pieces.
You spent 994 gold pieces at shops.

Inventory:

Hand Weapons
 a - the +6 Sword of Power (weapon)
   (You found it in a treasure trove)
 b - a +3 dire flail of protection
 Y - a +0 morningstar
Armour
 t - a +0 shield of reflection
 w - a +10 plate armour of ponderousness (worn)
 x - a +2 pair of boots (worn)
 E - a +2 cloak (worn)
 I - a +1 plate armour of fire resistance
 L - the +0 pair of gloves of Lubyug (worn) {rF+ Str+2}
   (You found it in a treasure trove)

   It affects your strength (+2).
   It protects you from fire.
 T - a +2 hat (worn)
Jewellery
 c - an amulet of regeneration (around neck)
 o - a ring of protection from cold (right hand)
 p - an uncursed ring of sustain attributes
 B - the amulet "Jusehued" {rCorr rElec}
   (You found it on level 2 of the Swamp)

   [amulet of resist corrosion]

   It protects you from acid and corrosion.
   It insulates you from electricity.
 J - an uncursed ring of teleportation
 M - an uncursed amulet of rage
 N - a ring of protection from fire (left hand)
 S - an uncursed ring of stealth
Wands
 l - a wand of heal wounds (1)
 n - a wand of confusion (34)
 z - a wand of teleportation (2)
 C - a wand of teleportation (3)
 H - a wand of lightning (3)
 P - a wand of digging (18)
 R - a wand of flame (24)
Scrolls
 g - 4 scrolls of fog
 i - 11 scrolls of remove curse
 q - 3 scrolls of magic mapping
 u - 3 scrolls of recharging
 y - a scroll of blinking
 D - 6 scrolls of fear
 G - 3 scrolls of teleportation
 Q - 2 scrolls of summoning
Potions
 j - 12 potions of curing
 k - a potion of cancellation
 m - 4 potions of resistance
 r - 7 potions of haste
 v - a potion of might
 F - 4 potions of agility
 K - 3 potions of heal wounds
 W - a potion of cure mutation
 X - a potion of berserk rage
Miscellaneous
 h - a phial of floods
 A - a box of beasts
 V - a fan of gales
 Z - a disc of storms
Comestibles
 e - 22 bread rations
 f - 3 slices of pizza
 s - 2 meat rations
 O - 2 fruits


   Skills:
 + Level 17.3 Fighting
 + Level 13.6 Long Blades
 - Level 14.0 Maces & Flails
 + Level 18.8 Armour
 - Level 10.1 Dodging
 - Level 3.2 Shields
 - Level 6.2 Invocations
 - Level 3.7 Evocations


You had 18 spell levels left.
You didn't know any spells.

Dungeon Overview and Level Annotations

Branches:
Dungeon (15/15)            Temple (0/1) D:4            Lair (8/8) D:10
  Swamp (4/4) Lair:3       Spider (4/4) Lair:4        Slime (0/6) Lair:8
    Orc (4/4) D:12            Elf (0/3) Orc:3        Vaults (2/5) D:14
 Depths (0/5) D:15
  Crypt: Vaults:2-3

Altars:
Ashenzari
Cheibriados
Elyvilon
Fedhas
Gozag
Kikubaaqudgha
Nemelex Xobeh
Okawaru
Qazlal
Ru
Sif Muna
Trog
Yredelemnul
Zin
The Shining One
Beogh
Jiyva

Shops:
Orc:2 [   Orc:4 }*:}   Vaults:1 }[


Innate Abilities, Weirdness & Mutations

You are resistant to torment.
Your stone body is resilient (AC +13).
You are immune to poison.
Your large and strong wings let you fly indefinitely.
You resist negative energy.
You are resistant to electric shocks.
You can survive without breathing.
You are immune to petrification.
You are immune to rotting.


Message History

The titanic slime creature hits you!!
You slash the titanic slime creature!
The titanic slime creature is severely wounded.
The titanic slime creature closely misses you.
You slice the titanic slime creature!!
The titanic slime creature is almost dead.
Two slime creatures merge to form a large slime creature.
The titanic slime creature misses you.
You hit the titanic slime creature.
The titanic slime creature is almost dead.
The titanic slime creature hits you!!!
* * * LOW HITPOINT WARNING * * *
You are too injured to fight recklessly!
You are too injured to fight recklessly!
You are too injured to fight recklessly!
You hit the titanic slime creature.
The titanic slime creature is almost dead.
The titanic slime creature hits you!!!!
Ouch! That really hurt!
You die...

# # ## ##################
#.##.##.##.##.##.##.#
#.............[...()'
#...8..8.....8..8...#
#..JJJ..............#
#.##J##.##.##.##.##.#
#########@################
#.#.#...#.#># #
##.#.#.#.#.## #
#.#.#.#)#.#.# #
##.#...[.#.## #
#.#....[..#.#
#..#.....#..#
#.#.......#.#
##.#.....#.##


You could see a titanic slime creature, a large slime creature and 2 slime
creatures.

Vanquished Creatures
  Nikola (Spider:1)
  3 thorn hunters
  Roxanne (Swamp:2)
  Donald (Swamp:2)
  Aizul (Swamp:1)
  Louise (Swamp:3)
  5 ghost moths
  A vault warden (Vaults:1)
  4 emperor scorpions
  Nessos (Orc:4)
  Snorg (D:11)
  Josephine (Lair:6)
  3 yaktaur captains
  21 hydras
  A fire dragon (Vaults:1)
  5 ghost crabs
  An entropy weaver (Spider:3)
  12 centaur warriors
  An ogre mage (D:15)
  A queen ant (Spider:3)
  The ghost of wobbegong the Envoy of Void, a novice HOAK of Lugonu (Lair:1)
  15 death yaks
  12 alligators
  3 tengu warriors
  A deep elf knight (Vaults:1)
  5 orc high priests (Orc:4)
  Sonja (Orc:4)
  13 spriggans
  An unseen horror (D:9)
  12 swamp dragons
  2 shambling mangroves
  2 ironbrand convokers (Vaults:1)
  16 orc knights
  8 hill giants
  21 wolf spiders
  4 cyclopes
  15 orb spiders
  A moth of wrath (Spider:4)
  10 ugly things
  3 orc sorcerers
  6 hornets
  9 elephants
  7 black mambas
  The ghost of Leibowitz the Ducker, a novice KoBe of Trog (D:5)
  2 griffons
  An elephant (shapeshifter) (D:15)
  Maurice (D:11)
  3 vault sentinels (Vaults:1)
  An octopode (shapeshifter) (Vaults:1)
  3 gargoyles
  A kobold demonologist (D:14)
  14 komodo dragons
  A fire drake (Lair:5)
  13 demonic crawlers
  3 spriggan druids
  5 trolls
  24 spiny frogs
  9 giant leeches
  20 jumping spiders
  4 yaktaurs
  8 polar bears (Lair:8)
  Prince Ribbit (D:6)
  5 two-headed ogres
  A blink frog (shapeshifter) (Vaults:1)
  21 blink frogs
  11 bog bodies
  13 slime creatures
  8 shadows
  62 redbacks
  22 tarantellas
  12 trapdoor spiders
  A hippogriff (shapeshifter) (D:15)
  6 deep elf magi
  2 deep elf fighters (Vaults:1)
  2 basilisks (D:15)
  A steam dragon (D:14)
  5 wraiths
  29 yaks
  A basilisk (shapeshifter) (D:15)
  Grum (D:11)
  A hungry ghost (D:8)
  2 wyverns
  10 hippogriffs
  34 vampire mosquitoes
  10 insubstantial wisps
  22 swamp worms
  29 wolves
  4 wargs
  14 water moccasins
  39 orc warriors
  12 porcupines
  Duvessa (D:5)
  16 swamp drakes
  11 soldier ants
  3 sky beasts
  10 black bears
  2 eyes of draining
  A black bear (shapeshifter) (D:15)
  33 spiders
  An ice beast (D:5)
  17 wasps
  21 centaurs
  16 ogres
  4 phantoms
  4 necrophages
  13 crocodiles
  2 big kobolds
  A brain worm (D:15)
  21 giant frogs
  2 wyvern zombies
  A gnoll sergeant (D:11)
  Dowan (D:5)
  26 killer bees
  A wyvern skeleton (D:14)
  9 wights
  9 electric eels
  6 scorpions
  A giant frog zombie (D:6)
  7 hounds
  5 centaur zombies
  4 jellies
  A quasit (D:10)
  11 crimson imps
  42 orc priests
  8 centaur skeletons
  8 iguanas
  47 orc wizards
  30 worker ants
  Natasha (thrice) (D:4)
  A giant frog skeleton (D:8)
  41 sheep
  A hound zombie (D:5)
  A hound skeleton (D:7)
  10 gnolls
  12 adders
  70 river rats
  5 shadow imps
  An ooze (D:6)
  2 adder zombies
  A worm (D:2)
  5 giant geckos
  240 orcs
  6 giant cockroaches
  7 hobgoblins
  14 jackals
  2 quokkas
  A ball python (D:3)
  3 bats
  3 giant newts
  11 goblins
  15 kobolds
  A quokka skeleton (D:8)
  4 rats
  A butterfly (Lair:2)
  A plant (D:8)
1587 creatures vanquished.

Vanquished Creatures (others)
  Fannar (D:11)
  A hydra (Swamp:4)
  A giant leech (Swamp:4)
  A spriggan (Swamp:4)
  A swamp worm (Swamp:4)
  2 insubstantial wisps (Swamp:4)
  A killer bee zombie (D:8)
  A giant newt (Lair:3)
  2 butterflies (Lair:2)
  15 fungi
  20 plants
46 creatures vanquished.

Grand Total: 1633 creatures vanquished

Notes
Turn   | Place    | Note
--------------------------------------------------------------
     0 | D:1      | Kloppie the Gargoyle Fighter began the quest for the Orb.
     0 | D:1      | Reached XP level 1. HP: 14/14 MP: 1/1
   134 | D:1      | Reached XP level 2. HP: 19/19 MP: 2/2
   644 | D:2      | Found a glowing silver altar of Zin.
   652 | D:2      | Reached XP level 3. HP: 21/23 MP: 3/3
   654 | D:2      | Found a glowing golden altar of the Shining One.
   667 | D:2      | Found a white marble altar of Elyvilon.
   673 | D:2      | Became a worshipper of the Shining One
  1088 | D:2      | Found a sacrificial altar of Ru.
  1341 | D:3      | Found a snail-covered altar of Cheibriados.
  1397 | D:3      | Reached XP level 4. HP: 24/29 MP: 4/4
  1433 | D:3      | Reached skill level 4 in Fighting
  1859 | D:4      | Reached XP level 5. HP: 19/34 MP: 5/5
  1880 | D:4      | Noticed an ogre
  2085 | D:4      | Reached * piety under the Shining One
  2235 | D:4      | Noticed Natasha
  2256 | D:4      | Killed Natasha
  2306 | D:4      | Found a staircase to the Ecumenical Temple.
  2327 | D:4      | Reached XP level 6. HP: 25/39 MP: 6/6
  2476 | D:4      | Noticed a phantom
  2503 | D:4      | Killed a phantom
  2503 | D:4      | Reached skill level 5 in Fighting
  2503 | D:4      | Reached skill level 5 in Armour
  2505 | D:4      | Found a bloodstained altar of Trog.
  2516 | D:4      | HP: 2/40 [ogre/giant club (5)]
  2517 | D:4      | Killed an ogre
  2517 | D:4      | Reached XP level 7. HP: 2/44 MP: 7/7
  2812 | D:4      | Noticed Natasha
  2817 | D:4      | Killed Natasha
  2964 | D:4      | Noticed Natasha
  2967 | D:4      | Killed Natasha
  3104 | D:4      | Found a sparkling altar of Nemelex Xobeh.
  3104 | D:4      | Found an opulent altar of Gozag.
  3266 | D:5      | Entered Level 5 of the Dungeon
  3344 | D:5      | Noticed Duvessa
  3345 | D:5      | Noticed Dowan
  3356 | D:5      | Killed Duvessa
  3356 | D:5      | Reached skill level 5 in Maces & Flails
  3364 | D:5      | Found a basalt altar of Yredelemnul.
  3368 | D:5      | Killed Dowan
  3368 | D:5      | Reached skill level 6 in Fighting
  3601 | D:5      | Noticed Leibowitz's ghost (novice KoBe)
  3616 | D:5      | Killed Leibowitz's ghost
  3616 | D:5      | Reached XP level 8. HP: 37/52 MP: 8/8
  3998 | D:6      | Reached skill level 7 in Armour
  4151 | D:6      | Reached ** piety under the Shining One
  4330 | D:6      | Noticed Prince Ribbit
  4344 | D:6      | Killed Prince Ribbit
  4344 | D:6      | Reached XP level 9. HP: 44/57 MP: 9/9
  4686 | D:6      | Reached skill level 8 in Armour
  5055 | D:6      | Got a spiked leather armour
  5169 | D:6      | Identified the +1 leather armour of Jacobide {Dex+2} (You took it off an orc on level 6 of the Dungeon)
  5396 | D:7      | Found a sacrificial altar of Ru.
  5797 | D:7      | Got a scorched platinum ring
  5798 | D:7      | Identified the ring of the Hidden Spirits {*Confuse rN+ MR++ SInv} (You found it on level 7 of the Dungeon)
  5889 | D:7      | Found an iron altar of Okawaru.
  5906 | D:7      | Reached skill level 9 in Armour
  6394 | D:7      | Reached XP level 10. HP: 28/66 MP: 10/10
  6465 | D:7      | Reached *** piety under the Shining One
  7397 | D:8      | Found an ancient bone altar of Kikubaaqudgha.
  7733 | D:8      | Found a shattered altar of Ashenzari.
  8222 | D:8      | Reached skill level 10 in Armour
  8311 | D:9      | Noticed an unseen horror
  8350 | D:8      | Reached **** piety under the Shining One
  8755 | D:8      | Reached skill level 10 in Fighting
  8816 | D:9      | Killed an unseen horror
  8829 | D:9      | Found a stormy altar of Qazlal.
  9141 | D:9      | Identified a scroll of acquirement
  9867 | D:10     | Entered Level 10 of the Dungeon
  9977 | D:10     | Reached XP level 11. HP: 73/73 MP: 11/11
 10187 | D:10     | Reached skill level 10 in Maces & Flails
 10227 | D:10     | Reached skill level 11 in Armour
 10274 | D:10     | Found a staircase to the Lair.
 10754 | D:11     | Noticed a hill giant
 10755 | D:11     | Noticed Maurice
 10765 | D:11     | Killed a hill giant
 10765 | D:11     | Reached skill level 1 in Invocations
 10780 | D:11     | Killed Maurice
 10898 | D:11     | Noticed Grum
 10944 | D:11     | Noticed a hill giant
 10952 | D:11     | Killed a hill giant
 10959 | D:11     | Noticed Snorg
 10970 | D:11     | Killed Grum
 10976 | D:11     | Noticed Fannar
 11348 | D:11     | Noticed a hill giant
 11357 | D:11     | Killed a hill giant
 11379 | D:11     | Noticed a hill giant
 11384 | D:11     | Killed a hill giant
 11724 | D:11     | Killed Fannar
 11820 | D:11     | Reached ***** piety under the Shining One
 11881 | D:11     | Reached XP level 12. HP: 73/80 MP: 14/14
 12104 | D:12     | Reached skill level 12 in Armour
 12331 | D:12     | Found a portal to a secret trove of treasure.
 12450 | D:12     | Found a roughly hewn altar of Beogh.
 12450 | D:12     | Found a staircase to the Orcish Mines.
 13019 | Lair:1   | Entered Level 1 of the Lair of Beasts
 13019 | Lair:1   | Noticed wobbegong's ghost (novice HOAK)
 13172 | Lair:1   | Killed wobbegong's ghost
 13244 | Lair:1   | Gained mutation: Your large and strong wings let you fly indefinitely. [potion of beneficial mutation]
 13580 | Lair:1   | Reached skill level 13 in Armour
 14516 | Lair:2   | Reached XP level 13. HP: 88/88 MP: 15/15
 15314 | Lair:3   | Found a staircase to the Swamp.
 16161 | Lair:4   | Found a hole to the Spider Nest.
 16531 | Lair:4   | You fall through a shaft!
 16989 | Lair:5   | Reached skill level 14 in Armour
 17846 | Lair:6   | Noticed Josephine
 17856 | Lair:6   | Killed Josephine
 18954 | D:12     | You paid a toll of 2 scrolls of acquirement to enter a treasure trove
 18955 | Trove    | Entered a treasure trove
 19039 | Trove    | Got a pair of translucent gloves
 19054 | Trove    | Identified the cursed +0 pair of gloves of Lubyug {rF+ Str+2} (You found it in a treasure trove)
 19195 | D:12     | Mutation became permanent: Your large and strong wings let you fly indefinitely. [Gargoyle growth]
 19195 | D:12     | Reached XP level 14. HP: 96/96 MP: 16/16
 19285 | D:11     | Killed Snorg
 19890 | Lair:7   | Reached skill level 1 in Long Blades
 20100 | Lair:7   | Reached skill level 15 in Armour
 20776 | Orc:1    | Entered Level 1 of the Orcish Mines
 21256 | Orc:2    | Reached skill level 15 in Fighting
 21450 | Orc:3    | Found a flagged portal.
 21507 | Bailey   | Entered a bailey
 21570 | Bailey   | Found a burning altar of Makhleb.
 21584 | Bailey   | Got an encrusted spear
 22016 | Orc:3    | Reached ****** piety under the Shining One
 22067 | Orc:3    | Found a staircase to the Elven Halls.
 22376 | Orc:2    | Found Oddel's Antique Armour Emporium.
 22430 | Orc:2    | Bought a pair of embroidered boots for 103 gold pieces
 22430 | Orc:2    | Bought a runed hat for 92 gold pieces
 22430 | Orc:2    | Bought a runed cloak for 103 gold pieces
 22834 | Orc:4    | Entered Level 4 of the Orcish Mines
 22869 | Orc:4    | Noticed Sonja
 22900 | Orc:4    | Killed Sonja
 23121 | Orc:4    | Paralysed by an orc sorcerer for 6 turns
 23347 | Orc:4    | Noticed Nessos
 23360 | Orc:4    | Killed Nessos
 23360 | Orc:4    | Reached skill level 1 in Dodging
 24895 | Orc:4    | Reached skill level 5 in Long Blades
 25544 | Orc:4    | Found Ympoluc's Gadget Shoppe.
 25544 | Orc:4    | Found Vaostoir's Gadget Shoppe.
 25545 | Orc:4    | Found Moruup's Book Shoppe.
 25545 | Orc:4    | Found Gukkycw's General Store.
 25552 | Orc:4    | Bought a wand of heal wounds (4) for 528 gold pieces
 25553 | Orc:4    | Bought a scroll of blinking for 120 gold pieces
 25553 | Orc:4    | Bought a scroll of teleportation for 48 gold pieces
 25605 | Orc:4    | Reached XP level 15. HP: 92/103 MP: 17/17
 26254 | Lair:8   | Entered Level 8 of the Lair of Beasts
 26685 | Lair:8   | Reached skill level 5 in Dodging
 26943 | Lair:8   | Found a viscous altar of Jiyva.
 26944 | Lair:8   | Found a staircase to the Slime Pits.
 29546 | D:14     | Reached XP level 16. HP: 95/108 MP: 18/18
 29649 | D:14     | Found a gate to the Vaults.
 30789 | D:15     | Entered Level 15 of the Dungeon
 30789 | D:15     | Found a blossoming altar of Fedhas.
 30816 | D:15     | Reached skill level 10 in Long Blades
 31060 | D:15     | Found a staircase to the Depths.
 32084 | Swamp:1  | Entered Level 1 of the Swamp
 32613 | Swamp:1  | Noticed Aizul
 32644 | Swamp:1  | Killed Aizul
 33122 | Swamp:2  | Noticed Donald
 33135 | Swamp:2  | Killed Donald
 33135 | Swamp:2  | Reached skill level 10 in Dodging
 33447 | Swamp:2  | You fall through a shaft!
 33447 | Swamp:3  | Found a deep blue altar of Sif Muna.
 33447 | Swamp:3  | Noticed Louise
 33465 | Swamp:3  | Killed Louise
 33537 | Swamp:3  | Reached XP level 17. HP: 69/113 MP: 19/19
 33843 | Swamp:2  | Noticed Roxanne
 33892 | Swamp:2  | Killed Roxanne
 34447 | Swamp:2  | Noticed a thorn hunter
 34475 | Swamp:2  | Killed a thorn hunter
 34542 | Swamp:2  | Got a translucent amethyst amulet
 34543 | Swamp:2  | Identified the amulet "Jusehued" {rCorr rElec} (You found it on level 2 of the Swamp)
 34986 | Swamp:3  | Reached skill level 16 in Armour
 35363 | Swamp:4  | Entered Level 4 of the Swamp
 35833 | Swamp:4  | Reached skill level 1 in Evocations
 35923 | Swamp:3  | Reached skill level 5 in Invocations
 36682 | Swamp:4  | Got a decaying rune of Zot
 36988 | Spider:1 | Entered Level 1 of the Spider Nest
 37307 | Spider:1 | Reached skill level 17 in Armour
 37433 | Spider:1 | Reached XP level 18. HP: 119/119 MP: 22/22
 37452 | Spider:1 | Noticed Nikola
 37472 | Spider:1 | Killed Nikola
 39709 | Spider:3 | Reached skill level 18 in Armour
 40043 | Spider:4 | Entered Level 4 of the Spider Nest
 41253 | Spider:4 | Got a gossamer rune of Zot
 41854 | Vaults:1 | Entered Level 1 of the Vaults
 41859 | Vaults:1 | Reached XP level 19. HP: 128/128 MP: 23/23
 41926 | Vaults:1 | Found Dijoilen's Gadget Shoppe.
 42228 | Vaults:1 | Found Tuyfuj's Antique Armour Boutique.
 42609 | Vaults:1 | The Shining One protects you from harm!
 42914 | Vaults:1 | Mangled by a titanic slime creature

Action                   |  1- 3 |  4- 6 |  7- 9 | 10-12 | 13-15 | 16-18 | 19-21 || total
-------------------------+-------+-------+-------+-------+-------+-------+-------++-------
Melee: Flail             |   143 |   135 |   369 |   286 |       |       |       ||   933
       Dire flail        |       |       |       |   618 |  2206 |  1466 |    19 ||  4309
       Great sword       |       |       |       |       |       |   774 |   208 ||   982
Throw: Tomahawk          |       |       |       |       |    11 |       |       ||    11
Invok: Divine Shield     |       |       |       |       |     1 |     3 |     1 ||     5
 Abil: Fly               |       |       |       |       |       |     1 |       ||     1
Evoke: Wand              |       |     2 |    12 |     2 |       |     1 |     5 ||    22
  Use: Scroll            |       |       |    20 |    12 |    11 |    14 |     3 ||    60
       Potion            |       |       |     1 |     3 |     1 |     2 |     1 ||     8
  Eat: Chunk             |     2 |     4 |    12 |    16 |    47 |    32 |     4 ||   117
       Beef jerky        |       |       |       |     2 |     1 |     2 |       ||     5
       Bread ration      |       |       |       |     2 |     1 |       |       ||     3
       Pizza             |       |       |       |     1 |       |       |       ||     1
       Meat ration       |       |       |       |       |       |     3 |     1 ||     4
       Fruit             |       |       |       |       |       |     2 |       ||     2
